 Dungeon Crawl Stone Soup version 0.31-a0-236-g9a0961fb85 (webtiles) character file.

Game seed: 14556509228618229602

5831 Strat the Scholar of Death (level 11, -2/69 (79) HPs)
             Began as a Human Necromancer on July 10, 2023.
             Was a Follower of Kikubaaqudgha.
             Slain by a wight
             ... wielding a +3 spear
              (4 damage)
             ... on level 7 of the Dungeon.
             The game lasted 00:40:01 (11658 turns).

Strat the Scholar of Death (Human Necromancer)     Turns: 11658, Time: 00:40:02

HP:   -2/69 (79)    AC:  8    Str:  9    XL:     11   Next: 7%
MP:   21/21         EV: 18    Int: 20    God:    Kikubaaqudgha [*.....]
Gold: 427           SH:  5    Dex: 13    Spells: 4/23 levels left

rFire   . . .        a - +0 short sword (venom)
rCold   . . .        (no shield)
rNeg    . . .        A - +0 steam dragon scales
rPois   +            l - +0 helmet
rElec   .            c - +0 cloak
rCorr   .            w - +0 pair of gloves
SInv    .            (no boots)
Will    +....        e - amulet of reflection
Stlth   +++          p - +5 ring of evasion
HPRegen 0.31/turn    q - ring of poison resistance
MPRegen 0.17/turn

%: reflection
@: enlightened, flying, heavily drained
A: no striking features
a: Renounce Religion, Unearth Wretches


You were on level 7 of the Dungeon.
You worshipped Kikubaaqudgha.
Kikubaaqudgha was aware of your devotion.
You visited 2 branches of the dungeon, and saw 9 of its levels.

You collected 427 gold pieces.

Inventory:

Hand Weapons
 a - a +0 short sword of venom (weapon)
 s - a +1 dagger
 y - a +0 dagger of venom
Missiles
 g - 30 poisoned darts
 r - a throwing net
Armour
 c - a +0 cloak (worn)
 f - a +0 robe
 h - a +2 robe of positive energy
 l - a +0 helmet (worn)
 w - a +0 pair of gloves (worn)
 A - +0 steam dragon scales (worn)
Magical Staves
 b - a staff of death
Jewellery
 e - an amulet of reflection (around neck)
 i - a ring of fire
 p - a +5 ring of evasion (left hand)
 q - a ring of poison resistance (right hand)
Scrolls
 n - a scroll of fear {unknown}
 t - a scroll of enchant weapon
 v - a scroll of poison
Potions
 d - 2 potions of resistance
 j - a potion of brilliance {unknown}
 k - a potion of cancellation
 u - a potion of haste {unknown}
 z - 2 potions of enlightenment


   Skills:
 - Level 5.0 Fighting
 - Level 4.0 Dodging
 - Level 5.0 Stealth
 - Level 6.8 Spellcasting
 + Level 3.3 Conjurations
 + Level 11.6 Necromancy
 + Level 3.2 Translocations


You had 4 spell levels left.
You knew the following spells:

 Your Spells              Type           Power      Damage    Failure   Level
a - Necrotise             Necr           100%       1d9       1%          1
b - Vampiric Draining     Necr           52%        2d9       1%          3
c - Animate Dead          Necr           52%        N/A       1%          4
d - Sublimation of Blood  Necr           52%        N/A       1%          2
e - Agony                 Necr           52%        N/A       2%          5
f - Iskenderun's Mystic   Conj/Tloc      20%        2d6       24%         4

Your spell library contained the following spells:

 Spells                   Type           Power      Damage    Failure   Level
 Kiss of Death            Conj/Necr      100%       2d13      1%          1
 Cigotuvi's Dreadful Rot  Necr/Pois/Air  44%        N/A       3%          2
 Lesser Beckoning         Tloc           38%        N/A       3%          2
 Shock                    Conj/Air       52%        1d6       4%          1
 Gell's Gravitas          Tloc           19%        N/A       8%          3
 Teleport Other           Tloc           19%        N/A       8%          3
 Wereblood                Tmut           6%         N/A       14%         2
 Dazzling Flash           Conj/Hex       26%        N/A       14%         3
 Volatile Blastmotes      Fire/Tloc      26%        2d12      14%         3
 Inner Flame              Hex/Fire       6%         N/A       28%         3
 Ozocubu's Armour         Ice            6%         N/A       28%         3
 Swiftness                Air            6%         N/A       28%         3
 Flame Wave               Conj/Fire      13%        2d6       43%         4
 Sticky Flame             Conj/Fire      13%        2d4       43%         4
 Airstrike                Air            3%         2d(1-17)  67%         4
 Starburst                Conj/Fire      6%         6d4       100%        6
 Ozocubu's Refrigeration  Ice            3%         4d8       100%        7
 Summon Hydra             Summ           3%         N/A       100%        7


Dungeon Overview and Level Annotations

Branches:
Dungeon (8/15)             Temple (1/1) D:5
   Lair: D:8-11

Altars:
Ashenzari
Cheibriados
Dithmenos
Elyvilon
Gozag
Hepliaklqana
Kikubaaqudgha
Makhleb
Nemelex Xobeh
Okawaru
Qazlal
Ru
Sif Muna
Trog
Uskayaw
Vehumet
Wu Jian
Xom
Yredelemnul
Zin

Annotations:
D:8 3 runed translucent doors


Message History

The wight is moderately damaged.
The wight closely misses you.
You hit the wight but do no damage.
The wight is moderately damaged.
The wight closely misses you.
You closely miss the wight.
The wight is moderately damaged.
The wight barely misses you.
You hit the wight but do no damage.
The wight is moderately damaged.
The wight misses you.
You hit the wight but do no damage.
The wight is moderately damaged.
The wight closely misses you.
Unknown command.
You closely miss the wight.
The wight is moderately damaged.
The wight misses you.
You hit the wight but do no damage.
The wight is moderately damaged.
The wight hits you but does no damage.
You hit the wight but do no damage.
The wight is moderately damaged.
The wight hits you with a +3 spear.
* * * LOW HITPOINT WARNING * * *
You feel drained.
* * * LOW HITPOINT WARNING * * *
You closely miss the wight.
The wight is moderately damaged.
The wight hits you with a +3 spear!
* * * LOW HITPOINT WARNING * * *
You hit the wight but do no damage.
The wight is moderately damaged.
The wight hits you with a +3 spear!
* * * LOW HITPOINT WARNING * * *
You hit the wight.
The wight is moderately damaged.
The wight hits you with a +3 spear.
You die...
Kikubaaqudgha rasps: "You have failed me!
Welcome... death!"

#.....####.###'##......#.##.#####
#.....# #.# #.##......#.##.#....
#.....# #.# #.##......#.##.#...#
#.Z...# #.# #'##.####.#.##.#...#
#.##### ### ####### #.#.##.#...#
'.# #.###.#.##.#...# #.#
♣♣♣♣♣##...#.#.##.###.# ###
♣.♣.P.#...#.#.##.# #.#
♣...@z.))#.#.##.# #.#
♣♣.......'.#....# #.#
♣♣..#...##########.#
♣♣##...............
################


You could see a wight.

Vanquished Creatures
  Erica (D:8)
  A two-headed ogre (D:8)
  Pikel (D:4)
  Maggie (D:6)
  A hornet (D:8)
  Sigmund (D:5)
  Eustachio (D:5)
  A wyvern (D:8)
  Menkaure (D:6)
  An acid dragon (D:5)
  Duvessa (D:6)
  2 ice beasts
  2 sky beasts (D:6)
  A black bear (D:6)
  An ogre (D:5)
  3 centaurs
  Blork the orc (D:5)
  A kobold brigand (D:7)
  A phantom (D:5)
  3 bullfrogs (D:7)
  3 scorpions
  2 gnoll sergeants
  5 wights
  Dowan (D:6)
  2 howler monkeys
  A jelly (D:6)
  3 orc priests (D:6)
  A gnoll bouda (D:6)
  4 hounds
  An iguana (D:4)
  2 sleepcaps
  Terence (D:3)
  5 orc wizards
  Robin (D:2)
  8 adders
  10 gnolls
  A shadow imp (D:6)
  A white imp (D:7)
  2 ufetubi (D:6)
  5 worms
  2 dart slugs (D:1)
  12 orcs
  6 endoplasms
  11 giant cockroaches
  15 goblins
  6 hobgoblins
  10 jackals
  12 kobolds
  4 quokkas
  5 ball pythons
  2 bats
  5 frilled lizards
  6 rats
181 creatures vanquished.

Vanquished Creatures (collateral kills)
  A hornet (D:8)
  A wight (D:7)
  A jelly (D:7)
  A gnoll (D:7)
  An adder (D:4)
  2 giant cockroaches (D:3)
  A jackal (D:1)
  A kobold (D:7)
  A goblin (D:3)
  A rat (D:1)
11 creatures vanquished.

Vanquished Creatures (others)
  A two-headed ogre zombie (D:8)
  A wyvern zombie (D:8)
  A bullfrog zombie (D:7)
  2 hound zombies (D:7)
  A worm zombie (D:3)
  An adder zombie (D:5)
  A jelly zombie (D:7)
  10 orc zombies
  5 gnoll zombies
  A giant cockroach zombie (D:3)
  6 kobold zombies (D:7)
30 creatures vanquished.

Grand Total: 222 creatures vanquished

Notes
Turn   | Place    | Note
-------+----------+-------------------------------------------
     0 | D:1      | Strat the Human Necromancer began the quest for the Orb.
     0 | D:1      | Reached XP level 1. HP: 13/13 MP: 3/3
    68 | D:1      | You fall into a shaft and drop 1 floor!
   264 | D:2      | Reached XP level 2. HP: 19/19 MP: 5/5
   519 | D:1      | Reached XP level 3. HP: 23/24 MP: 3/6
   721 | D:1      | Learned a level 3 spell: Vampiric Draining
   787 | D:1      | Found a faded altar of an unknown god.
  1510 | D:2      | Noticed Robin
  1517 | D:2      | Reached XP level 4. HP: 30/30 MP: 1/7
  1635 | D:2      | Reached skill level 5 in Necromancy
  1641 | D:2      | Killed Robin
  2437 | D:2      | Learned a level 4 spell: Animate Dead
  2539 | D:3      | Noticed a scorpion
  2625 | D:3      | Noticed Terence
  2627 | D:3      | Reached XP level 5. HP: 35/35 MP: 7/9
  2817 | D:3      | Found a large runed translucent door.
  2817 | D:3      | Found a large runed translucent door.
  3048 | D:3      | Killed Terence
  3049 | D:3      | Reached skill level 6 in Necromancy
  3049 | D:3      | Reached XP level 6. HP: 27/41 MP: 2/11
  3538 | D:3      | Found a broken altar of Ashenzari.
  3553 | D:3      | Found a shimmering altar of Xom.
  3735 | D:4      | Found a hide-covered altar of Uskayaw.
  3915 | D:4      | Found an iron altar of Okawaru.
  3929 | D:4      | Noticed Pikel
  3950 | D:4      | Killed Pikel
  3951 | D:4      | Reached skill level 7 in Necromancy
  3951 | D:4      | Reached XP level 7. HP: 27/50 MP: 3/13
  3951 | D:4      | Reached XP level 8. HP: 30/56 MP: 3/14
  4724 | D:4      | Learned a level 2 spell: Sublimation of Blood
  4725 | D:5      | Entered Level 5 of the Dungeon
  4762 | D:5      | Reached skill level 8 in Necromancy
  4846 | D:5      | Noticed Sigmund
  5459 | D:5      | Reached skill level 5 in Spellcasting
  5480 | D:5      | Found a staircase to the Ecumenical Temple.
  5509 | D:5      | Noticed Eustachio
  5550 | D:4      | Learned a level 5 spell: Agony
  5715 | D:5      | Noticed Blork the orc
  5729 | D:5      | Killed Blork the orc
  5868 | D:5      | Killed Sigmund
  5869 | D:5      | Reached skill level 9 in Necromancy
  5869 | D:5      | Reached XP level 9. HP: 65/65 MP: 2/16
  6066 | D:5      | Your ally Blork died
  6151 | Temple   | Entered the Ecumenical Temple
  6197 | Temple   | Became a worshipper of Kikubaaqudgha
  6646 | D:6      | Noticed Menkaure
  6710 | D:5      | Killed Eustachio
  7182 | D:6      | Reached skill level 10 in Necromancy
  7331 | D:6      | Reached skill level 5 in Fighting
  7384 | D:6      | Noticed Duvessa
  7389 | D:6      | Noticed Dowan
  7403 | D:6      | Killed Duvessa
  7407 | D:6      | Killed Dowan
  7631 | D:6      | Noticed Maggie
  7735 | D:6      | Reached skill level 5 in Stealth
  8011 | D:6      | Killed Maggie
  8012 | D:6      | Reached XP level 10. HP: 74/74 MP: 18/18
  8208 | D:6      | Killed Menkaure
  8208 | D:6      | Reached * piety under Kikubaaqudgha
  8208 | D:6      | Received a gift from Kikubaaqudgha
  8539 | D:7      | Learned a level 4 spell: Iskenderun's Mystic Blast
  8577 | D:7      | Found a shimmering blue altar of Sif Muna.
  8950 | D:7      | Found a glowing silver altar of Zin.
  9900 | D:7      | Found a white marble altar of Elyvilon.
 10037 | D:8      | Found an ornate altar of the Wu Jian Council.
 10075 | D:8      | Found a burning altar of Makhleb.
 10093 | D:8      | Noticed Erica
 10192 | D:8      | Found a runed translucent gate.
 10192 | D:8      | Found a runed translucent gate.
 10192 | D:8      | Found a runed translucent gate.
 10193 | D:8      | Noticed a white ugly thing
 10208 | D:8      | Killed Erica
 10209 | D:8      | Reached skill level 11 in Necromancy
 10553 | D:8      | Noticed a two-headed ogre
 10589 | D:8      | Killed a two-headed ogre
 10590 | D:8      | Reached skill level 1 in Conjurations
 10590 | D:8      | Reached skill level 1 in Translocations
 10860 | D:8      | Found an opulent altar of Gozag.
 11037 | D:6      | Reached XP level 11. HP: 51/77 MP: 21/21
 11657 | D:7      | HP: 2/69 [wight/+3 spear (10)]
 11658 | D:7      | Slain by a wight

Illustrated notes

Levels and vault maps discovered:
D:1:      lemuel_arrival_lava_pool, layout_basic, basic_ecumenical_altar,
          minmay_fountain_box, minmay_tripent
D:2:      layout_loops_corners, uniq_robin
D:3:      minmay_roachtagon, layout_rooms, jmf_multi_god_temple2, uniq_terence
D:4:      layout_basic, mainiacjoe_overflow_catwalk, lemuel_crystal_altar,
          due_unseen_surprise, uniq_pikel
D:5:      layout_basic, minmay_temple_entry_glassed_door,
          kennysheep_another_room, hangedman_decor_growths, uniq_eustachio,
          uniq_sigmund, uniq_blork_the_orc
D:6:      layout_loops_ring, kennysheep_generic_room_13, uniq_menkaure,
          uniq_maggie, uniq_duvessa
D:7:      layout_basic, zin_treasury, led_sif_book,
          mainiacjoe_overflow_alcove_2, serial_bayou_crossing,
          uniq_crazy_yiuf_cottage
D:8:      layout_loops_ring, nicolae_overflow_hidden_temple,
          grunt_gozag_statues, mainiacjoe_overflow_six_doors_small,
          ploomutoo_gammafunk_ghost_potion_laboratory, uniq_erica
Temple:   nicolae_temple_hex_pool

Skill      XL: |  1  2  3  4  5  6  7  8  9 10 11 |
---------------+----------------------------------+-----
Necromancy     | 5 6 7 9 10 11 | 11.6
Spellcasting   | 3 4 5 6 |  6.8
Fighting       | 2 3 5 |  5.0
Stealth        | 5 |  5.0
Dodging        | 4 |  4.0
Conjurations   | 2 3 |  3.3
Translocations | 2 3 |  3.2

Action                     |  1- 3 |  4- 6 |  7- 9 | 10-12 || total
---------------------------+-------+-------+-------+-------++-------
  Melee: Dagger            |    55 |    80 |   228 |    62 ||   425
         Staff             |     1 |       |       |       ||     1
         Punch             |       |       |     3 |     1 ||     4
         Short sword       |       |       |       |   118 ||   118
   Cast: Necrotise         |    42 |    92 |    70 |    17 ||   221
         Vampiric Draining |       |     9 |    32 |    21 ||    62
         Animate Dead      |       |     2 |    10 |     5 ||    17
         Agony             |       |       |       |     3 ||     3
         Sublimation of Bl |       |       |       |     1 ||     1
  Evoke: Wand              |       |     2 |    10 |    40 ||    52
    Use: Potion            |       |     3 |     1 |     4 ||     8
         Scroll            |       |     3 |     4 |     5 ||    12
   Stab: Sleeping          |     3 |     1 |     1 |     3 ||     8
         Paralysed         |       |       |    12 |     2 ||    14
 Armour: Robe              |     7 |    43 |    60 |     1 ||   111
         Steam dragon scal |       |       |       |    35 ||    35
  Dodge: Dodged            |    50 |    84 |   139 |   189 ||   462
  Block: Other             |    19 |    38 |    50 |    62 ||   169
         Reflection        |     1 |     2 |       |     1 ||     4

Table legend: (Time is in decaauts)
 A = Elapsed time spent in this place.
 B = Non-inter-level travel time spent in this place.
 C = Inter-level travel time spent in this place.
 D = Time resting spent in this place.
 E = Time spent auto-exploring this place.
 F = Levels seen in this place.
 G = Mean time per level.
                   A        B        C        D        E       F      G
               +--------+--------+--------+--------+--------+-----+--------+
         Total |  11684 |  10952 |    732 |   3025 |   4611 |   9 | 1298.2 |
       Dungeon |  11600 |  10905 |    695 |   3025 |   4580 |   8 | 1450.0 |
        Temple |     84 |     47 |     37 |      0 |     31 |   1 |   84.0 |
               +--------+--------+--------+--------+--------+-----+--------+

Top non-repeatable levels by time:
     D:7: 2271 daAuts
     D:6: 1972 daAuts
     D:5: 1701 daAuts
     D:2: 1459 daAuts
     D:4: 1324 daAuts
     D:1: 1108 daAuts
     D:3: 1029 daAuts
     D:8: 733 daAuts
  Temple: 84 daAuts
